NCAA
GEORGETOWN HOYAS @ MICHIGAN WOLVERINES
05/07/2027
 
TOP OF THE 1ST
Georgetown Hoyas batting - Pitching for Michigan Wolverines : RHP Juan García
Pitching: RHP Juan García
Batting: LHB Pedro Escobar 0-0: Swinging Strike
0-1: Ball
1-1: Ball
2-1: SINGLE (Groundball, 3L) (infield hit)
Batting: LHB Preston Leach 0-0: Ground out 4-3 (Groundball, 34D)
Pedro Escobar to second
Batting: RHB Hubert MacDonald 0-0: Called Strike
0-1: Ball
1-1: Fly out, F8 (Flyball, 8LM)
Batting: RHB Glenn Rojas 0-0: Ball
1-0: Called Strike
1-1: Ball
2-1: Swinging Strike
Passed Ball!
Pedro Escobar to third
2-2: Ground out 1-3 (Groundball, 13S)
Top of the 1st over - 0 run(s), 1 hit(s), 0 error(s), 1 left on base; Georgetown 0 - Michigan 0
BOTTOM OF THE 1ST
Michigan Wolverines batting - Pitching for Georgetown Hoyas : RHP Carl Jones
Pitching: RHP Carl Jones
Batting: RHB Mark Brewer 0-0: Fly out, F9 (Flyball, 9S)
Batting: RHB Bryan Koonts 0-0: Ball
1-0: Called Strike
1-1: Called Strike
1-2: Strikes out swinging
Batting: RHB Bill Davis 0-0: Swinging Strike
0-1: Called Strike
0-2: Strikes out looking
Bottom of the 1st over - 0 run(s), 0 hit(s), 0 error(s), 0 left on base; Georgetown 0 - Michigan 0
TOP OF THE 2ND
Georgetown Hoyas batting - Pitching for Michigan Wolverines : RHP Juan García
Batting: LHB Chris Smith 0-0: Ball
1-0: Swinging Strike
1-1: Fly out, F5 (Flyball, 5D)
Batting: SHB Chris Young 0-0: Ground out 4-3 (Groundball, 4M)
Batting: LHB Matt McCormick 0-0: Ball
1-0: Ball
2-0: Ground out 1-3 (Groundball, 13)
Top of the 2nd over - 0 run(s), 0 hit(s), 0 error(s), 0 left on base; Georgetown 0 - Michigan 0
BOTTOM OF THE 2ND
Michigan Wolverines batting - Pitching for Georgetown Hoyas : RHP Carl Jones
Batting: RHB Bill Andrews 0-0: Ground out U3 (Groundball, 3S)
Batting: RHB Walt Green 0-0: Called Strike
0-1: Foul Ball, location: 2F
0-2: Ball
1-2: Foul Ball, location: 2F
1-2: Ball
2-2: SINGLE (Flyball, 8LS)
Batting: LHB Leon Malone 0-0: Ball
1-0: Fly out, F5 (Popup, 56S)
Batting: RHB Andrew Lewis 0-0: Ball
1-0: Called Strike
1-1: Ball
2-1: Ground out 6-3 (Groundball, 6S)
Bottom of the 2nd over - 0 run(s), 1 hit(s), 0 error(s), 1 left on base; Georgetown 0 - Michigan 0
TOP OF THE 3RD
Georgetown Hoyas batting - Pitching for Michigan Wolverines : RHP Juan García
Batting: LHB Robert Lucas 0-0: Called Strike
0-1: Called Strike
0-2: Foul Ball, location: 2F
0-2: Ball
1-2: Ball
2-2: Strikes out swinging
Batting: RHB Alex Vasser 0-0: Called Strike
0-1: Foul Ball, location: 2F
0-2: Foul Ball, location: 2F
0-2: Ball
1-2: Fly out, F8 (Flyball, 8RM)
Batting: LHB Pedro Escobar 0-0: Called Strike
0-1: Ball
1-1: Foul Ball, location: 2F
1-2: Ball
2-2: Foul Ball, location: 2F
2-2: Ball
3-2: Ground out U3 (Groundball, 3)
Top of the 3rd over - 0 run(s), 0 hit(s), 0 error(s), 0 left on base; Georgetown 0 - Michigan 0
BOTTOM OF THE 3RD
Michigan Wolverines batting - Pitching for Georgetown Hoyas : RHP Carl Jones
Batting: RHB Mel Wells 0-0: Called Strike
0-1: Called Strike
0-2: Ball
1-2: Ball
2-2: Ball
3-2: Base on Balls
Batting: RHB Rob Burkholder 0-0: Ball
1-0: Ball
2-0: Fly out, F1 (Line Drive, 13)
Batting: RHB Mark Brewer 0-0: Called Strike
Mel Wells steals 2nd base
0-1: Foul Ball, location: 2F
0-2: Ball
1-2: Fly out, F7 (Flyball, 7LD)
Runner from 2nd tags up, SAFE at 3rd, no throw
Batting: RHB Bryan Koonts 0-0: Foul Ball, location: 2F
0-1: Ground out 4-3 (Groundball, 4)
Bottom of the 3rd over - 0 run(s), 0 hit(s), 0 error(s), 1 left on base; Georgetown 0 - Michigan 0
TOP OF THE 4TH
Georgetown Hoyas batting - Pitching for Michigan Wolverines : RHP Juan García
Batting: LHB Preston Leach 0-0: Called Strike
0-1: Ground out 5-3 (Groundball, 56S)
Batting: RHB Hubert MacDonald 0-0: Ball
1-0: Called Strike
1-1: Ball
2-1: Called Strike
2-2: Strikes out swinging
Batting: RHB Glenn Rojas 0-0: Called Strike
0-1: Ball
1-1: Ball
2-1: Foul Ball, location: 2F
2-2: Foul Ball, location: 2F
2-2: Strikes out swinging
Top of the 4th over - 0 run(s), 0 hit(s), 0 error(s), 0 left on base; Georgetown 0 - Michigan 0
BOTTOM OF THE 4TH
Michigan Wolverines batting - Pitching for Georgetown Hoyas : RHP Carl Jones
Batting: RHB Bill Davis 0-0: Called Strike
0-1: Swinging Strike
0-2: Foul Ball, location: 2F
0-2: Ball
1-2: Ball
2-2: Strikes out swinging
Batting: RHB Bill Andrews 0-0: DOUBLE (Flyball, 78M)
Batting: RHB Walt Green 0-0: Ball
1-0: Foul Ball, location: 2F
1-1: Foul Ball, location: 2F
1-2: Foul Ball, location: 2F
1-2: Ball
2-2: Strikes out swinging
Batting: LHB Leon Malone 0-0: Called Strike
0-1: Foul Ball, location: 2F
0-2: Strikes out swinging
Bottom of the 4th over - 0 run(s), 1 hit(s), 0 error(s), 1 left on base; Georgetown 0 - Michigan 0
TOP OF THE 5TH
Georgetown Hoyas batting - Pitching for Michigan Wolverines : RHP Juan García
Batting: LHB Chris Smith 0-0: Foul Ball, location: 2F
0-1: Ball
1-1: Ball
2-1: Reached on error, E6 (Groundball, 6)
Batting: SHB Chris Young 0-0: Intentional Walk
Batting: LHB Matt McCormick 0-0: Foul Ball, location: 2F
0-1: Ball
1-1: Called Strike
1-2: Ball
2-2: Foul Ball, location: 2F
2-2: Ball
3-2: Foul Ball, location: 2F
3-2: Base on Balls
Chris Smith to third
Chris Young to second
Batting: LHB Robert Lucas 0-0: Ball
1-0: Ball
2-0: GRAND SLAM HOME RUN (Flyball, 78XD), Distance : 378 ft
Batting: RHB Alex Vasser 0-0: Ball
1-0: Ball
2-0: Called Strike
2-1: Ball
3-1: Swinging Strike
3-2: Ground out 2-3 (Groundball, 2R)
Pitching: RHP Jacob Coleman
Batting: LHB Pedro Escobar 0-0: Swinging Strike
0-1: Fly out, F7 (Flyball, 7S)
Batting: LHB Preston Leach 0-0: Foul Ball, location: 2F
0-1: Foul Ball, location: 2F
0-2: Ball
1-2: Ball
2-2: Strikes out swinging
Top of the 5th over - 4 run(s), 1 hit(s), 1 error(s), 0 left on base; Georgetown 4 - Michigan 0
BOTTOM OF THE 5TH
Michigan Wolverines batting - Pitching for Georgetown Hoyas : RHP Carl Jones
Batting: RHB Andrew Lewis 0-0: Called Strike
0-1: Ball
1-1: Ground out 5-3 (Groundball, 56)
Batting: RHB Mel Wells 0-0: Ball
1-0: Ball
2-0: Called Strike
2-1: Ball
3-1: Base on Balls
Batting: RHB Rob Burkholder 0-0: Called Strike
0-1: Ball
1-1: Ball
2-1: Ball
3-1: Fly out, F7 (Flyball, 7S)
Batting: RHB Mark Brewer 0-0: Ball
1-0: Called Strike
1-1: Ball
2-1: Ball
3-1: Base on Balls
Mel Wells to second
Batting: RHB Bryan Koonts 0-0: Called Strike
0-1: DOUBLE (Flyball, 78D)
Mel Wells scores
Mark Brewer to third
Runner from 3rd tries for Home, SAFE, no throw
Batting: RHB Bill Davis 0-0: Called Strike
0-1: Called Strike
0-2: Ball
1-2: Reached on error, E4 (Groundball, 4)
Bryan Koonts scores
Batting: RHB Bill Andrews 0-0: Ball
1-0: Ball
2-0: Fly out, F9 (Flyball, 9)
Bottom of the 5th over - 3 run(s), 1 hit(s), 1 error(s), 1 left on base; Georgetown 4 - Michigan 3
TOP OF THE 6TH
Georgetown Hoyas batting - Pitching for Michigan Wolverines : RHP Jacob Coleman
Batting: RHB Hubert MacDonald 0-0: Called Strike
0-1: Fly out, F9 (Flyball, 89D)
Batting: RHB Glenn Rojas 0-0: Ball
1-0: Ball
2-0: Called Strike
2-1: Swinging Strike
2-2: SINGLE (Groundball, 34D)
Batting: LHB Chris Smith 0-0: Foul Ball, location: 2F
0-1: Ball
1-1: SINGLE (Groundball, 6D)
Glenn Rojas to second
Batting: SHB Chris Young 0-0: Ball
1-0: Called Strike
1-1: Called Strike
1-2: Ball
2-2: Ball
3-2: Base on Balls
Glenn Rojas to third
Chris Smith to second
Batting: LHB Matt McCormick 0-0: Called Strike
0-1: Grounds into double play, 4-6-3 (Groundball, 4)
Top of the 6th over - 0 run(s), 2 hit(s), 0 error(s), 2 left on base; Georgetown 4 - Michigan 3
BOTTOM OF THE 6TH
Michigan Wolverines batting - Pitching for Georgetown Hoyas : RHP Carl Jones
Batting: RHB Walt Green 0-0: Foul Ball, location: 2F
0-1: Ball
1-1: SINGLE (Groundball, 34S) (infield hit)
Pitching: RHP Brandon Lee
Batting: LHB Leon Malone 0-0: Ball
1-0: Ball
Walt Green steals 2nd base
2-0: Called Strike
2-1: Ball
3-1: Swinging Strike
3-2: Foul Ball, location: 2F
3-2: Foul Ball, location: 2F
3-2: Foul Ball, location: 2F
3-2: Strikes out swinging
Batting: RHB Andrew Lewis 0-0: SINGLE (Groundball, 6D)
Walt Green to third
Runner from 3rd tries for Home, SAFE, throw made home
Batting: RHB Mel Wells 0-0: Foul Ball, location: 2F
0-1: Swinging Strike
0-2: Ball
1-2: Foul Ball, location: 2F
1-2: Strikes out looking
Batting: RHB Rob Burkholder 0-0: SINGLE (Groundball, 56D)
Andrew Lewis to second
Batting: RHB Mark Brewer 0-0: Ball
1-0: Ball
2-0: Fielders Choice at 2nd, 4-6 (Groundball, 4)
Bottom of the 6th over - 1 run(s), 3 hit(s), 0 error(s), 1 left on base; Georgetown 4 - Michigan 4
TOP OF THE 7TH
Georgetown Hoyas batting - Pitching for Michigan Wolverines : RHP Jacob Coleman
Batting: LHB Robert Lucas 0-0: Called Strike
0-1: SINGLE (Groundball, 6MD)
Batting: RHB Alex Vasser 0-0: Bunted foul
0-1: Sac Bunt - play at second, runner OUT! 1-6
Batting: LHB Pedro Escobar 0-0: Ball
1-0: Ball
2-0: Ball
3-0: Called Strike
3-1: Base on Balls
Alex Vasser to second
Batting: LHB Preston Leach 0-0: Swinging Strike
0-1: Ball
1-1: SINGLE (Line Drive, 4MD)
Alex Vasser to third
Pedro Escobar to second
Runner from 3rd tries for Home, SAFE, no throw
Batting: RHB Hubert MacDonald 0-0: Fly out, F7 (Line Drive, 78M)
Batting: RHB Glenn Rojas 0-0: Foul Ball, location: 2F
0-1: Called Strike
0-2: Ball
1-2: Strikes out swinging
Top of the 7th over - 1 run(s), 2 hit(s), 0 error(s), 2 left on base; Georgetown 5 - Michigan 4
BOTTOM OF THE 7TH
Michigan Wolverines batting - Pitching for Georgetown Hoyas : RHP Brandon Lee
Batting: RHB Bryan Koonts 0-0: Ball
1-0: Ball
2-0: Called Strike
2-1: Ball
3-1: Ground out 6-3 (Groundball, 6MS)
Batting: RHB Bill Davis 0-0: Ball
1-0: Called Strike
1-1: Ball
2-1: Ball
3-1: Called Strike
3-2: Base on Balls
Pinch Hitting: RHB Jake Brown 0-0: Ball
1-0: Ball
2-0: Ball
3-0: Called Strike
3-1: Base on Balls
Bill Davis to second
Pinch Hitting: LHB David Sénéchal 0-0: Ball
1-0: Ball
2-0: Foul Ball, location: 2F
2-1: SINGLE (Line Drive, 56D)
Bill Davis to third
Jake Brown to second
Batting: LHB Leon Malone 0-0: Ball
1-0: Ball
2-0: Foul Ball, location: 2F
2-1: Swinging Strike
2-2: Foul Ball, location: 2F
2-2: Foul Ball, location: 2F
2-2: Ball
3-2: Base on Balls
Bill Davis scores
Jake Brown to third
David Sénéchal to second
Pitching: RHP Don Jones
Batting: RHB Andrew Lewis 0-0: Called Strike
0-1: Ball
1-1: Swinging Strike
1-2: Foul Ball, location: 2F
1-2: Foul Ball, location: 2F
1-2: Foul Ball, location: 2F
1-2: SINGLE (Line Drive, 5D)
Jake Brown scores
David Sénéchal to third
Leon Malone to second
Batting: RHB Mel Wells 0-0: Ball
1-0: Ball
2-0: Called Strike
2-1: Reached on error, E9 (Flyball, 9S)
David Sénéchal scores
Leon Malone to third
Andrew Lewis to second
Batting: RHB Rob Burkholder 0-0: Called Strike
0-1: Ball
1-1: Called Strike
1-2: Foul Ball, location: 2F
1-2: Fly out, F8 (Flyball, 8RD)
Runner from 3rd tags up, SCORES, no throw
Batting: RHB Mark Brewer 0-0: Called Strike
0-1: Ball
1-1: Ball
2-1: Ball
3-1: Base on Balls
Andrew Lewis to third
Mel Wells to second
Batting: RHB Bryan Koonts 0-0: Ground out 3-1 (Groundball, 34)
Bottom of the 7th over - 4 run(s), 2 hit(s), 1 error(s), 3 left on base; Georgetown 5 - Michigan 8
TOP OF THE 8TH
Georgetown Hoyas batting - Pitching for Michigan Wolverines : RHP Jacob Coleman
Now at SS: Jake Brown
Now in LF: David Sénéchal
Batting: LHB Chris Smith 0-0: Ball
1-0: Foul Ball, location: 2F
1-1: Swinging Strike
1-2: Ball
2-2: Foul Ball, location: 2F
2-2: SINGLE (Groundball, 3) (infield hit)
Pitching: RHP Jorge Báez
Batting: SHB Chris Young 0-0: Called Strike
0-1: Called Strike
0-2: Ball
1-2: Foul Ball, location: 2F
1-2: Ball
2-2: Ball
3-2: SINGLE (Groundball, 4MD)
Chris Smith to second
Chris Smith to third
Pitching: LHP Paul Jones
Batting: LHB Matt McCormick 0-0: Ball
1-0: Swinging Strike
1-1: Called Strike
1-2: Ball
2-2: Strikes out looking
Batting: LHB Robert Lucas 0-0: Ball
1-0: Ball
2-0: Ball
3-0: Base on Balls
Chris Young to second
Pitching: RHP Vince Conklin
Batting: RHB Alex Vasser 0-0: Called Strike
0-1: Foul Ball, location: 2F
0-2: Ball
1-2: Ball
2-2: Ball
3-2: Base on Balls
Chris Smith scores
Chris Young to third
Robert Lucas to second
Pitching: LHP Bob Taylor
Pinch Hitting: RHB Mitchell Pate 0-0: Swinging Strike
0-1: Foul Ball, location: 2F
0-2: Ball
1-2: Ball
2-2: Ball
3-2: Base on Balls
Chris Young scores
Robert Lucas to third
Alex Vasser to second
Batting: LHB Preston Leach 0-0: Fly out, F8 (Line Drive, 8RM)
Runner from 3rd tags up, SCORES, throw made
Batting: RHB Hubert MacDonald 0-0: Ball
1-0: Fly out, F7 (Flyball, 78M)
Top of the 8th over - 3 run(s), 2 hit(s), 0 error(s), 2 left on base; Georgetown 8 - Michigan 8
BOTTOM OF THE 8TH
Michigan Wolverines batting - Pitching for Georgetown Hoyas : RHP Don Jones
Now at 1B: Mitchell Pate
Batting: RHB Bill Davis 0-0: Ball
1-0: Foul Ball, location: 2F
1-1: Swinging Strike
1-2: Strikes out swinging
Batting: RHB Jake Brown 0-0: Swinging Strike
0-1: Foul Ball, location: 2F
0-2: Strikes out looking
Batting: LHB David Sénéchal 0-0: Ball
1-0: SINGLE (Groundball, 56D)
Batting: LHB Leon Malone 0-0: Called Strike
0-1: Foul Ball, location: 2F
0-2: Ball
1-2: Ball
2-2: Foul Ball, location: 2F
2-2: Foul Ball, location: 2F
2-2: Strikes out swinging, 2-3 out at first.
Bottom of the 8th over - 0 run(s), 1 hit(s), 0 error(s), 1 left on base; Georgetown 8 - Michigan 8
TOP OF THE 9TH
Georgetown Hoyas batting - Pitching for Michigan Wolverines : LHP Bob Taylor
Pitching: RHP Clay White
Batting: RHB Glenn Rojas 0-0: Called Strike
0-1: Ball
1-1: Foul Ball, location: 2F
1-2: Ball
2-2: Foul Ball, location: 2F
2-2: Foul Ball, location: 2F
2-2: Foul Ball, location: 2F
2-2: Ball
3-2: Foul Ball, location: 2F
3-2: Strikes out swinging
Batting: LHB Chris Smith 0-0: Ball
1-0: Ground out 1-3 (Groundball, 13S)
Batting: SHB Chris Young 0-0: Called Strike
0-1: Swinging Strike
0-2: Strikes out swinging
Top of the 9th over - 0 run(s), 0 hit(s), 0 error(s), 0 left on base; Georgetown 8 - Michigan 8
BOTTOM OF THE 9TH
Michigan Wolverines batting - Pitching for Georgetown Hoyas : RHP Don Jones
Batting: RHB Andrew Lewis 0-0: Ball
1-0: Called Strike
1-1: Ground out 6-3 (Groundball, 6)
Batting: RHB Mel Wells 0-0: Ball
1-0: Ball
2-0: Called Strike
2-1: Ball
3-1: Reached on error, E1 (Groundball, 15S)
Pinch Hitting: SHB Bill Smith 0-0: Called Strike
0-1: Ball
1-1: Ball
Passed Ball!
Mel Wells to second
2-1: Foul Ball, location: 2F
2-2: Ground out U3 (Groundball, 34)
Mel Wells to third
Pitching: RHP Dan Gray
Batting: RHB Mark Brewer 0-0: Called Strike
0-1: Called Strike
0-2: Foul Ball, location: 2F
0-2: Foul Ball, location: 2F
0-2: Ball
1-2: Ball
2-2: Foul Ball, location: 2F
2-2: Strikes out swinging
Bottom of the 9th over - 0 run(s), 0 hit(s), 1 error(s), 1 left on base; Georgetown 8 - Michigan 8
TOP OF THE 10TH
Georgetown Hoyas batting - Pitching for Michigan Wolverines : RHP Clay White
Now at 3B: Bill Smith
Batting: LHB Matt McCormick 0-0: Swinging Strike
0-1: Ground out 4-3 (Groundball, 4)
Batting: LHB Robert Lucas 0-0: Ball
1-0: SINGLE (Groundball, 56) (infield hit)
Pinch Hitting: RHB Garry Taylor 0-0: Ball
1-0: Foul Ball, location: 2F
1-1: Swinging Strike
1-2: Strikes out looking
Batting: RHB Mitchell Pate 0-0: Swinging Strike
0-1: Swinging Strike
0-2: Ball
1-2: Strikes out looking
Top of the 10th over - 0 run(s), 1 hit(s), 0 error(s), 1 left on base; Georgetown 8 - Michigan 8
BOTTOM OF THE 10TH
Michigan Wolverines batting - Pitching for Georgetown Hoyas : RHP Dan Gray
Now in LF: Garry Taylor
Batting: RHB Bryan Koonts 0-0: Foul Ball, location: 2F
0-1: Ball
1-1: SINGLE (Line Drive, 34D)
Batting: RHB Bill Davis 0-0: Called Strike
0-1: Ground out 5-3 (Groundball, 25)
Bryan Koonts to second
Batting: RHB Jake Brown 0-0: Intentional Walk
Batting: LHB David Sénéchal 0-0: Swinging Strike
0-1: Ball
1-1: SINGLE (Line Drive, 7LS)
Bryan Koonts to third
Jake Brown to second
Batting: LHB Leon Malone 0-0: Ball
1-0: Foul Ball, location: 2F
1-1: Ball
2-1: Ball
3-1: Swinging Strike
3-2: Foul Ball, location: 2F
3-2: Base on Balls
Bryan Koonts scores
Jake Brown to third
David Sénéchal to second
Thursday, March 30th, 2017 - OOTP Baseball 17.12 Build 75